 Dungeon Crawl Stone Soup version 0.29.0-4-gdea44cf6ec (webtiles) character file.

Game seed: 1530408842598333472

977 qw the Grappler (level 7, 0/67 HPs)
             Began as a Troll Cinder Acolyte on Sept 1, 2022.
             Was a High Priest of Ignis.
             Slain by a gnoll
             ... wielding a +0 spear
             ... led by a gnoll sergeant
              (3 damage)
             ... on level 6 of the Dungeon.
             The game lasted 00:02:21 (4153 turns).

qw the Grappler (Troll Cinder Acolyte)              Turns: 4153, Time: 00:02:22

Health: 0/67       AC: 11    Str: 25    XL:     7   Next: 95%
Magic:  7/7        EV:  9    Int: 10    God:    Ignis [*****.]
Gold:   321        SH:  0    Dex:  5    Spells: 8/8 levels left

rFire   + . .      SeeInvis .     - Unarmed
rCold   . . .      Faith    .   (no shield)
rNeg    . . .      Spirit   .   a - +0 robe
rPois   .          Reflect  .   (helmet restricted)
rElec   .          Harm     .   (no cloak)
rCorr   .          Rampage  .   (gloves unavailable)
Will    .....                   (boots unavailable)
Stlth   +.........              (no amulet)
HPRegen 1.01/turn               (no ring)
MPRegen 0.10/turn               (no ring)

@: about to teleport, fiery-armoured
A: large, unfitting armour, claws 3, regeneration 1, shaggy fur 1, tough skin 1
a: Renounce Religion, Fiery Armour, Foxfire Swarm, Rising Flame


You were on level 6 of the Dungeon.
You worshipped Ignis.
Ignis was extremely pleased with you.
You visited 1 branch of the dungeon, and saw 6 of its levels.

You collected 321 gold pieces.


Innate Abilities, Weirdness & Mutations

You are too large for most types of armour.
You have claws for hands.
Your natural rate of healing is unusually fast.
You are covered in fur. (AC +1)
You have tough skin. (AC +1)


   Skills:
 - Level 3.1 Fighting
 - Level 1.5 Throwing
 + Level 0.2 Dodging
 - Level 9.1 Unarmed Combat
 - Level 1.0 Spellcasting
 - Level 2.1 Fire Magic


You had 8 spell levels left.
You didn't know any spells.
Your spell library contained the following spells:

 Spells                   Type           Power      Damage    Failure   Level
 Scorch                   Fire           8%         2d5       22%         2

Inventory:

Missiles
 c - 2 boomerangs (quivered)
Armour
 a - a +0 robe (worn)
 i - a +0 cloak
Jewellery
 e - a ring of ice
Scrolls
 d - 3 scrolls of identify
 Y - a scroll of enchant weapon
Potions
 f - 2 potions of curing
 g - 2 potions of haste
 h - a potion of cancellation
 j - 2 potions of resistance

Dungeon Overview and Level Annotations

Branches:
Dungeon (6/15)             Temple (0/1) D:6

Altars:
Elyvilon
Gozag
Kikubaaqudgha
Makhleb
Qazlal
Vehumet

Shops:
D:2 :


Message History

The gnoll is burned by your cloak of flames.
The gnoll is lightly wounded.
4146 ||| Stepping ~*~*~tactically~*~*~ (outnumbered).
Edmund attacks as you move away!
Edmund hits you with a +0 flail of protection.
Edmund is burned by your cloak of flames.
Edmund is almost dead.
The gnoll zaps a wand.
The bolt of dispelling energy hits you.
You claw Edmund!
You kill Edmund!
Your Unarmed Combat skill increases to level 9!
You barely miss the gnoll.
The gnoll is lightly wounded.
The gnoll closely misses you. x2; The gnoll hits you with a +0 club.
The gnoll is burned by your cloak of flames.
The gnoll is heavily wounded.
You mangle the gnoll!!
You kill the gnoll!
The gnoll closely misses you.
The gnoll sergeant hits you from afar with a +0 spear!
You barely miss the gnoll.
The gnoll is lightly wounded.
The gnoll hits you from afar with a +0 halberd!
The gnoll sergeant barely misses you.
You barely miss the gnoll. Your claw misses the gnoll.
The gnoll is lightly wounded.
The gnoll zaps a wand.
The bolt of dispelling energy hits you! The gnoll hits you but does no damage.
The gnoll sergeant completely misses you.
4152 ||| READING scroll of teleportation.
As you read the scroll of teleportation, it crumbles to dust.
You feel strangely unstable.
The gnoll hits you from afar with a +0 halberd!
The gnoll barely misses you.
The gnoll sergeant hits you from afar with a +0 spear.
You barely miss the gnoll.
The gnoll is lightly wounded.
The gnoll closely misses you. The gnoll sergeant closely misses you.
The gnoll hits you with a +0 spear.
You die...

#........#
..#......
.##.....##
.#...##..###
...........##
....#.......#
...##.##.##.#####
...#.......?.#.)##
.............)gg@#
...#..}...}..#..##
...#.......g.#g##
........>.....g.
...#.........#...
...#..}...}..#.....
.................##
...#.........#....#
#.##.##.##.....


You could see a gnoll sergeant and 3 gnolls.

Vanquished Creatures
  Edmund (D:6)
  A water moccasin (D:5)
  A black bear (D:5)
  An ogre (D:5)
  A phantom (D:6)
  2 hounds
  A gnoll bouda (D:6)
  2 jellies
  5 iguanas
  Ijyb (D:4)
  5 gnolls (D:6)
  8 adders
  A worm (D:3)
  A dart slug (D:4)
  4 orcs
  4 endoplasms
  8 giant cockroaches
  6 goblins
  6 hobgoblins
  A jackal (D:4)
  8 quokkas
  9 ball pythons
  3 bats
  3 frilled lizards
  14 kobolds
  6 rats
103 creatures vanquished.

Notes
Turn   | Place    | Note
-------+----------+-------------------------------------------
     0 | D:1      | qw the Troll Cinder Acolyte began the quest for the Orb.
     0 | D:1      | Reached XP level 1. HP: 22/22 MP: 1/1
     0 | D:1      | 0 ||| qw: Version: 0.1-a-97-g2dd2ca4
     0 | D:1      | 0 ||| qw: Game counter: 4795
     0 | D:1      | 0 ||| qw: Always use a shield: true
     0 | D:1      | 0 ||| qw: God list: Okawaru
     0 | D:1      | 0 ||| qw: Allow faded altars: false
     0 | D:1      | 0 ||| qw: Do Orc after D:15 true
     0 | D:1      | 0 ||| qw: Do second Lair branch before Depths: true
     0 | D:1      | 0 ||| qw: Lair rune preference: random
     0 | D:1      | 0 ||| qw: Plans: Normal
     0 | D:1      | 0 ||| PLANNING D:1-11
    79 | D:1      | 79 ||| Stepping ~*~*~tactically~*~*~ (stealth).
   199 | D:1      | Reached XP level 2. HP: 29/29 MP: 2/2
   211 | D:1      | 211 ||| Stepping ~*~*~tactically~*~*~ (stealth).
   213 | D:1      | 213 ||| Stepping ~*~*~tactically~*~*~ (stealth).
   295 | D:1      | Found a faded altar of an unknown god.
   454 | D:1      | Reached skill level 4 in Unarmed Combat
   934 | D:1      | 934 ||| READING 2 scrolls labelled WEBIEDW VISOEH.
   935 | D:1      | 935 ||| READING scroll labelled NEZAILUYLEE.
  1052 | D:2      | Reached XP level 3. HP: 32/36 MP: 3/3
  1149 | D:2      | 1149 ||| Stepping ~*~*~tactically~*~*~ (outnumbered).
  1151 | D:2      | 1151 ||| Stepping ~*~*~tactically~*~*~ (outnumbered).
  1191 | D:2      | Found Anoaleoh's Vocational Training.
  1400 | D:2      | 1400 ||| READING scroll labelled DUINAN RAVUPP.
  1401 | D:2      | 1401 ||| READING scroll labelled FASHA RISTRA.
  1402 | D:2      | 1402 ||| READING scroll labelled JINILO FASIRY.
  1503 | D:2      | 1503 ||| READING 2 scrolls labelled REROIM VECLO.
  1504 | D:2      | 1504 ||| DRINKING 2 fizzy pink potions.
  1505 | D:2      | 1505 ||| DROPPING scroll of fear.
  1754 | D:3      | Reached XP level 4. HP: 43/44 MP: 4/4
  1840 | D:3      | 1840 ||| Stepping ~*~*~tactically~*~*~ (stealth).
  1847 | D:3      | 1847 ||| Stepping ~*~*~tactically~*~*~ (outnumbered).
  1850 | D:3      | 1850 ||| Stepping ~*~*~tactically~*~*~ (outnumbered).
  1856 | D:3      | Reached skill level 5 in Unarmed Combat
  2151 | D:3      | 2151 ||| READING scroll labelled JOTERRUANO.
  2152 | D:3      | 2152 ||| READING scroll labelled ATOPRIL FUDOI.
  2153 | D:3      | 2153 ||| READING 4 scrolls of identify.
  2153 | D:3      | 2153 ||| IDENTIFYING smoky golden potion
  2154 | D:3      | 2154 ||| READING 3 scrolls of identify.
  2154 | D:3      | 2154 ||| IDENTIFYING coppery potion
  2155 | D:3      | 2155 ||| DROPPING potion of attraction.
  2185 | D:4      | 2185 ||| STAIRDANCE
  2195 | D:3      | Reached skill level 1 in Throwing
  2200 | D:4      | 2200 ||| STAIRDANCE
  2212 | D:4      | 2212 ||| STAIRDANCE
  2263 | D:4      | 2263 ||| Stepping ~*~*~tactically~*~*~ (stealth).
  2266 | D:4      | Reached XP level 5. HP: 50/50 MP: 5/5
  2300 | D:4      | Noticed Ijyb
  2307 | D:4      | Killed Ijyb
  2467 | D:4      | Reached skill level 6 in Unarmed Combat
  2536 | D:4      | 2536 ||| Stepping ~*~*~tactically~*~*~ (stealth).
  2632 | D:4      | 2632 ||| Stepping ~*~*~tactically~*~*~ (stealth).
  2648 | D:4      | 2648 ||| Stepping ~*~*~tactically~*~*~ (stealth).
  2649 | D:4      | 2649 ||| Stepping ~*~*~tactically~*~*~ (stealth).
  2756 | D:4      | 2756 ||| Stepping ~*~*~tactically~*~*~ (hiding).
  2946 | D:4      | Found an ancient bone altar of Kikubaaqudgha.
  2981 | D:4      | Found an opulent altar of Gozag.
  3076 | D:4      | 3076 ||| DROPPING ring of wizardry.
  3077 | D:4      | 3077 ||| READING scroll labelled QIYSKENLU IFRU.
  3078 | D:4      | 3078 ||| READING 2 scrolls labelled ERADIT HIERGH.
  3079 | D:4      | 3079 ||| DRINKING 2 smoky brown potions.
  3080 | D:4      | 3080 ||| READING 3 scrolls of identify.
  3080 | D:4      | 3080 ||| IDENTIFYING red potion
  3118 | D:5      | Entered Level 5 of the Dungeon
  3172 | D:5      | Noticed a water moccasin
  3180 | D:5      | 3180 ||| INVOKING Fiery Armour.
  3180 | D:5      | HP: 10/50 [iguana (6)]
  3181 | D:5      | 3181 ||| READING 2 scrolls of teleportation.
  3181 | D:5      | HP: 3/50 [poisoned by a water moccasin]
  3182 | D:5      | 3182 ||| DRINKING 2 potions of heal wounds.
  3183 | D:5      | Killed a water moccasin
  3184 | D:5      | Reached XP level 6. HP: 19/59 MP: 6/6
  3185 | D:5      | 3185 ||| DRINKING potion of heal wounds.
  3243 | D:5      | Reached skill level 7 in Unarmed Combat
  3245 | D:5      | 3245 ||| Stepping ~*~*~tactically~*~*~ (outnumbered).
  3531 | D:5      | Reached skill level 8 in Unarmed Combat
  3531 | D:5      | Reached XP level 7. HP: 66/66 MP: 7/7
  3857 | D:5      | 3857 ||| READING 4 scrolls of identify.
  3857 | D:5      | 3857 ||| IDENTIFYING amethyst potion
  3887 | D:5      | Reached skill level 3 in Fighting
  3958 | D:6      | 3958 ||| Stepping ~*~*~tactically~*~*~ (stealth).
  3959 | D:6      | 3959 ||| Stepping ~*~*~tactically~*~*~ (stealth).
  3961 | D:6      | 3961 ||| Stepping ~*~*~tactically~*~*~ (hiding).
  3964 | D:6      | 3964 ||| Stepping ~*~*~tactically~*~*~ (hiding).
  3976 | D:6      | 3976 ||| Stepping ~*~*~tactically~*~*~ (outnumbered).
  3977 | D:6      | 3977 ||| Stepping ~*~*~tactically~*~*~ (outnumbered).
  3978 | D:6      | 3978 ||| Stepping ~*~*~tactically~*~*~ (outnumbered).
  3979 | D:6      | 3979 ||| Stepping ~*~*~tactically~*~*~ (outnumbered).
  4036 | D:6      | Found a faded altar of an unknown god.
  4036 | D:6      | Found a burning altar of Makhleb.
  4044 | D:6      | Found a stormy altar of Qazlal.
  4046 | D:6      | Found a radiant altar of Vehumet.
  4048 | D:6      | Found a white marble altar of Elyvilon.
  4120 | D:6      | Found a staircase to the Ecumenical Temple.
  4128 | D:6      | Noticed Edmund
  4131 | D:6      | 4131 ||| INVOKING Fiery Armour.
  4132 | D:6      | 4132 ||| Stepping ~*~*~tactically~*~*~ (outnumbered).
  4135 | D:6      | 4135 ||| Stepping ~*~*~tactically~*~*~ (outnumbered).
  4143 | D:6      | 4143 ||| Stepping ~*~*~tactically~*~*~ (outnumbered).
  4145 | D:6      | 4145 ||| Stepping ~*~*~tactically~*~*~ (outnumbered).
  4146 | D:6      | 4146 ||| Stepping ~*~*~tactically~*~*~ (outnumbered).
  4147 | D:6      | Killed Edmund
  4148 | D:6      | Reached skill level 9 in Unarmed Combat
  4151 | D:6      | HP: 14/67 [gnoll/bolt of dispelling energy[a gnoll
                  | sergeant] (11)]
  4152 | D:6      | 4152 ||| READING scroll of teleportation.
  4152 | D:6      | HP: 3/67 [gnoll/+0 halberd[a gnoll sergeant] (12)]
  4153 | D:6      | Slain by a gnoll

Levels and vault maps discovered:
D:1:      scummos_arrival_forest, layout_basic, chequers_ecumenical_altar_simple
D:2:      layout_rooms, nicolae_shop_vocational
D:3:      layout_basic
D:4:      wad_river_or_something, layout_basic, kennysheep_mini,
          marbit_many_paths, uniq_ijyb
D:5:      layout_loops_cross, minmay_fractal_squares_diagonal_5
D:6:      layout_cave_pools, chequers_temple_overflow_minitemple,
          minmay_temple_entry_large_hall, hellmonk_ghost_happy_afterlife,
          uniq_edmund

Skill      XL: |  1  2  3  4  5  6  7 |
---------------+----------------------+-----
Unarmed Combat | 4 5 6 8 9 |  9.1
Throwing       | 1 |  1.5
Fighting       | 3 |  3.1
Dodging        | |  0.2
Spellcasting   | |  1.0
Fire Magic     | |  2.1

Action                   |  1- 3 |  4- 6 |  7- 9 || total
-------------------------+-------+-------+-------++-------
Melee: Unarmed           |   116 |   137 |    51 ||   304
       Punch             |     3 |     1 |       ||     4
Throw: Javelin           |       |    14 |       ||    14
       Boomerang         |       |     4 |    16 ||    20
Invok: Fiery Armour      |       |     1 |     1 ||     2
  Use: Scroll            |     6 |     8 |     2 ||    16
       Potion            |     1 |     3 |       ||     4
Armor: Robe              |    33 |    27 |    19 ||    79
Dodge: Dodged            |    40 |    59 |    26 ||   125

Table legend:
 A = Non-vault XP
 B = Vault XP
 C = Vault XP percentage of total XP
 D = Non-vault monster count
 E = Vault monster count
 F = Vault count percentage of total count
                 A         B        C        D         E       F
            +---------+---------+-------+---------+---------+-------
      Total |     826 |     571 |  40.9 |      84 |      19 |  18.4
            +---------+---------+-------+---------+---------+-------
        D:1 |      34 |       0 |   0.0 |      22 |       0 |   0.0
        D:2 |      19 |       0 |   0.0 |      13 |       0 |   0.0
        D:3 |     102 |       0 |   0.0 |      12 |       0 |   0.0
        D:4 |     120 |      66 |  35.5 |      19 |      11 |  36.7
        D:5 |     290 |     341 |  54.0 |       9 |       7 |  43.8
        D:6 |     261 |     164 |  38.6 |       9 |       1 |  10.0
            +---------+---------+-------+---------+---------+-------
